 Dungeon Crawl Stone Soup version 0.30-a0-571-gdf30a72648 (webtiles) character file.

Game seed: 10958932523853827979

5698 wormed the Covert (level 10, -5/53 HPs)
             Began as a Spriggan Hunter on Dec 30, 2022.
             Slain by a spriggan
             ... wielding a +1 dagger of holy wrath
              (14 damage)
             ... in a bailey.
             The game lasted 00:15:30 (9630 turns).

wormed the Covert (Spriggan Hunter)                 Turns: 9630, Time: 00:15:31

Health: -5/53      AC:  3    Str:  7    XL:     10   Next: 47%
Magic:  11/11      EV: 26    Int: 11    God:
Gold:   420        SH:  0    Dex: 23    Spells: 9/9 levels left

rFire   + . .      SeeInvis +    a - +0 shortbow
rCold   . . .      Faith    .    (shield currently unavailable)
rNeg    . . .      Spirit   .    G - +0 robe {Will+}
rPois   +          Reflect  .    (helmet restricted)
rElec   .          Harm     .    u - +0 cloak
rCorr   .          Rampage  .    (gloves unavailable)
Will    ++...                    (boots unavailable)
Stlth   +++++                    (no amulet)
HPRegen 0.28/turn                x - ring of protection from fire
MPRegen 0.12/turn                r - ring of poison resistance

@: very quick
A: very small, no large weapons, unfitting armour, see invisible, speed 3
a: no special abilities


You were in a bailey.
You visited 2 branches of the dungeon, and saw 9 of its levels.
You also visited: Sewer and Bailey.

You collected 574 gold pieces.
You spent 154 gold pieces at shops.

Inventory:

Hand Weapons
 a - a +0 shortbow (weapon)
Missiles
 p - 3 throwing nets
Armour
 u - a +0 cloak (worn)
 G - a +0 robe of willpower (worn)
Jewellery
 r - a ring of poison resistance (right hand)
 t - the amulet "Maetac" {Acrobat Slay+2}
   (You found it on level 3 of the Dungeon)

   [amulet of the acrobat]

   It increases your evasion while moving and waiting.
   Slay:      It affects your accuracy & damage with ranged weapons and melee
   (+2).
 x - a ring of protection from fire (left hand)
 D - an amulet of regeneration
 F - a ring of wizardry
 H - a ring of protection from cold
 I - an amulet of the acrobat
 J - a ring of ice
Wands
 A - a wand of mindburst (6)
 B - a wand of roots (7)
Scrolls
 b - 2 scrolls of immolation
 c - a scroll of silence
 g - a scroll of fog
 h - 2 scrolls of torment {unknown}
 j - 4 scrolls of amnesia
 n - 9 scrolls of teleportation
 s - 3 scrolls of fear {unknown}
 v - 2 scrolls of magic mapping
 C - 3 scrolls of identify
Potions
 d - 2 potions of attraction {unknown}
 e - 3 potions of mutation {unknown}
 f - 2 potions of flight {unknown}
 i - 6 potions of curing
 k - a potion of berserk rage {unknown}
 l - 4 potions of degeneration {unknown}
 m - 2 potions of might {unknown}
 o - 2 potions of ambrosia
 q - 4 potions of heal wounds {unknown}
 w - 2 potions of lignification {unknown}
 z - 5 potions of haste {unknown}
 E - a potion of brilliance


   Skills:
 + Level 6.0 Fighting
 * Level 10.8 Ranged Weapons
 + Level 9.6 Dodging
 + Level 11.0 Stealth


You had 9 spell levels left.
You didn't know any spells.
Your spell library contained the following spells:

 Spells                   Type           Power      Damage    Failure   Level
 Magic Dart               Conj           0%         1d3       34%         1
 Call Imp                 Summ           0%         N/A       47%         2
 Gell's Gravitas          Tloc           0%         N/A       71%         3
 Lesser Beckoning         Tloc           0%         N/A       71%         3
 Mephitic Cloud           Conj/Pois/Air  0%         N/A       71%         3
 Ozocubu's Armour         Ice            0%         N/A       71%         3
 Teleport Other           Tloc           0%         N/A       71%         3
 Vhi's Electric Charge    Tloc/Air       0%         N/A       71%         3
 Arcjolt                  Conj/Air       0%         1d10      100%        5
 Ozocubu's Refrigeration  Ice            0%         4d7       100%        7
 Maxwell's Capacitive Co  Air            0%         ∞         100%        8


Dungeon Overview and Level Annotations

Branches:
Dungeon (8/15)             Temple (1/1) D:6           Sewer (visited)
 Bailey (1/1)
   Lair: D:8-11

Altars:
Ashenzari
Cheibriados
Elyvilon
Fedhas
Gozag
Hepliaklqana
Kikubaaqudgha
Makhleb
Nemelex Xobeh
Qazlal
Ru
Sif Muna
Trog
Uskayaw
Vehumet
Wu Jian
Xom
Yredelemnul
Zin
The Shining One

Shops:
D:3 ![*   D:5 [?*(

Annotations:
D:6 3 runed translucent doors, lotum's ghost, novice DsEE


Innate Abilities, Weirdness & Mutations

You are very small and have problems with some larger weapons.
You are too small for most types of armour.
You have supernaturally acute eyesight. (SInv)
You cover ground extremely quickly. (Speed+++)


Message History

The spriggan hits you with a +1 dagger of holy wrath.
You shoot an arrow. The arrow hits the spriggan.
The spriggan is moderately wounded.
The spriggan hits you with a +1 dagger of holy wrath.
You shoot an arrow.
The arrow hits the spriggan but does no damage.
The spriggan is moderately wounded.
The spriggan hits you with a +1 dagger of holy wrath.
You shoot an arrow. The arrow hits the spriggan.
The spriggan is heavily wounded.
The spriggan splashes around in the water.
The two-headed ogre hits you from afar with a +0 halberd!!
The two-headed ogre hits you from afar with a +0 bardiche!
* * * LOW HITPOINT WARNING * * *
The spriggan attacks as you move away! The spriggan completely misses you.
Blink to where?
Press: ? - help, Dir - move target, p - spriggan Splash!
You fall into the shallow water.
Moving in this stuff is going to be slow.
As you read the scroll of blinking, it crumbles to dust.
You see here a +0 halberd.
The two-headed ogre barely misses you. x2
You start removing your amulet.
You continue taking off the amulet "Maetac" {Acrobat Slay+2}. x2
The two-headed ogre completely misses you.
The two-headed ogre misses you.
You continue taking off the amulet "Maetac" {Acrobat Slay+2}.
The two-headed ogre barely misses you. The two-headed ogre misses you.
You continue taking off the amulet "Maetac" {Acrobat Slay+2}.
The spriggan completely misses you.
You finish taking off the amulet "Maetac" {Acrobat Slay+2}.
You start putting on your amulet.
You continue putting on your amulet of regeneration.
The spriggan hits you with a +1 dagger of holy wrath!
Keep equipping yourself? [Y]es or [N]o only, please.
Keep equipping yourself?
You stop putting on your amulet.
You die...

#....∩...∩....#
##........)..##
##.........##
###~~)~~###
#)~~~~#
##~~~~~##
##O......##
##.........##
##@i#♣♣####.)##
##..♣# ##..##
##..## ♣#).##
#..♣♣ ♣♣).#
#..♣ ♣).# #..♣
#..# #..# ♣..#
#..#. #..#
#..♣.. #..#


You could see a two-headed ogre and a spriggan.

Vanquished Creatures
  Joseph (D:7)
  A kobold demonologist (D:7)
  Grinder (D:5)
  A spriggan (Bailey)
  A shadow (D:6)
  2 water moccasins
  2 orc warriors
  2 ice beasts
  2 black bears
  9 ogres (Bailey)
  2 centaurs
  A phantom (D:6)
  A kobold brigand (D:4)
  Blork the orc (D:5)
  2 bullfrogs
  4 scorpions
  2 necrophages
  8 wights
  11 killer bees
  4 howler monkeys (D:7)
  3 electric eels (D:7)
  3 orc priests
  6 hounds
  Crazy Yiuf (D:3)
  5 iguanas
  Terence (D:2)
  8 orc wizards
  9 gnolls (D:4)
  8 adders
  2 shadow imps (D:7)
  2 white imps (D:6)
  An ufetubus (D:4)
  2 worms
  9 dart slugs
  31 orcs
  9 endoplasms
  8 giant cockroaches
  6 goblins
  13 hobgoblins
  12 jackals
  47 kobolds
  6 quokkas
  7 ball pythons
  4 bats
  5 frilled lizards
  4 rats
270 creatures vanquished.

Vanquished Creatures (others)
  8 plants (D:3)
8 creatures vanquished.

Grand Total: 278 creatures vanquished

Notes
Turn   | Place    | Note
-------+----------+-------------------------------------------
     0 | D:1      | wormed the Spriggan Hunter began the quest for the Orb.
     0 | D:1      | Reached XP level 1. HP: 10/10 MP: 2/2
    42 | D:1      | Reached skill level 2 in Stealth
    52 | D:1      | Reached XP level 2. HP: 15/15 MP: 3/3
   491 | D:1      | Reached XP level 3. HP: 18/18 MP: 4/4
   808 | D:2      | Reached skill level 3 in Stealth
   854 | D:2      | Reached XP level 4. HP: 23/23 MP: 5/5
   977 | D:2      | Noticed Terence
  1002 | D:2      | Killed Terence
  1245 | D:2      | Reached skill level 5 in Ranged Weapons
  1482 | D:3      | Found Etakhlocw's Distillery.
  1589 | D:3      | Reached XP level 5. HP: 19/27 MP: 6/6
  1773 | D:3      | Found Dareecw's Armour Shoppe.
  1827 | D:3      | Reached skill level 4 in Stealth
  1885 | D:3      | Identified the amulet "Maetac" {Acrobat Slay+2}
  2037 | D:3      | Found Hapu's Assorted Antiques.
  2157 | D:3      | Found a runed translucent door.
  2158 | D:3      | Noticed Crazy Yiuf
  2426 | D:3      | Killed Crazy Yiuf
  2561 | D:3      | Bought a scroll labelled JAETIR COTED for 29 gold pieces
  2561 | D:3      | Bought a scroll labelled HETECA YWUUPN for 29 gold pieces
  2597 | D:4      | Found a glowing drain.
  2621 | D:4      | HP: 1/27 [poisoned by a scorpion]
  2628 | D:4      | Reached XP level 6. HP: 6/32 MP: 7/7
  2774 | Sewer    | Entered a sewer
  2805 | Sewer    | Noticed a water moccasin
  2825 | Sewer    | Killed a water moccasin
  3082 | D:4      | Reached skill level 5 in Stealth
  3455 | D:4      | Reached XP level 7. HP: 36/36 MP: 8/8
  3470 | D:4      | Reached skill level 5 in Dodging
  4150 | D:4      | Found an opulent altar of Gozag.
  4152 | D:4      | Found an ornate altar of the Wu Jian Council.
  4154 | D:4      | Found a broken altar of Ashenzari.
  4413 | D:5      | Entered Level 5 of the Dungeon
  4432 | D:5      | Reached skill level 6 in Stealth
  4512 | D:5      | Noticed Blork the orc
  4518 | D:5      | Killed Blork the orc
  4528 | D:5      | Reached XP level 8. HP: 37/42 MP: 9/9
  4627 | D:5      | Found Erhoissi's General Store.
  4653 | D:5      | Reached skill level 7 in Stealth
  4695 | D:5      | Bought a scroll of identify for 26 gold pieces
  4723 | D:5      | Noticed Grinder
  4741 | D:5      | Found Feluixo's Antique Weapon Shoppe.
  4750 | D:5      | Paralysed by Grinder for 5 turns
  4766 | D:5      | Paralysed by Grinder for 3 turns
  4798 | D:5      | Killed Grinder
  4921 | D:5      | Found Odghisol's Magic Scroll Emporium.
  4924 | D:5      | Bought a scroll of teleportation for 30 gold pieces
  4924 | D:5      | Bought a scroll of identify for 20 gold pieces
  4924 | D:5      | Bought a scroll of identify for 20 gold pieces
  5018 | D:5      | Found Jeol's Antique Armour Shoppe.
  5043 | D:5      | Found a blossoming altar of Fedhas.
  5308 | D:6      | Reached skill level 8 in Stealth
  5373 | D:6      | Reached XP level 9. HP: 46/46 MP: 10/10
  5718 | D:6      | Found a staircase to the Ecumenical Temple.
  5718 | D:6      | Found a runed translucent gate.
  5718 | D:6      | Found an opulent altar of Gozag.
  5720 | D:6      | Found a runed translucent gate.
  5720 | D:6      | Found a runed translucent gate.
  5731 | Temple   | Entered the Ecumenical Temple
  5837 | D:6      | Noticed lotum's ghost (novice DsEE)
  6047 | D:6      | Reached skill level 9 in Stealth
  6176 | D:6      | Reached skill level 5 in Fighting
  7240 | D:7      | Found a stormy altar of Qazlal.
  8144 | D:7      | Noticed a kobold demonologist
  8174 | D:7      | Noticed a red devil
  8176 | D:7      | Noticed a red devil
  8177 | D:7      | Killed a kobold demonologist
  8178 | D:7      | Reached skill level 10 in Ranged Weapons
  8178 | D:7      | Reached skill level 10 in Stealth
  8631 | D:7      | Noticed Joseph
  8647 | D:7      | Killed Joseph
  8648 | D:7      | Reached XP level 10. HP: 28/52 MP: 11/11
  8756 | D:7      | Found a snail-covered altar of Cheibriados.
  9418 | D:8      | Found a flagged portal.
  9427 | Bailey   | Entered a bailey
  9556 | Bailey   | Reached skill level 11 in Stealth
  9583 | Bailey   | Noticed a two-headed ogre
  9630 | Bailey   | Slain by a spriggan

Illustrated notes

Levels and vault maps discovered:
D:1:      amcnicky_arrival_double_pillar, layout_rooms
D:2:      minmay_inner_zag, layout_basic, interstate_on_off,
          ebering_dispersal_statue_hall, roderic_serpentine_path, uniq_terence
D:3:      layout_rooms, serial_shops, nicolae_shop_hallway_plus, shop, shop,
          minmay_misc_feat_plants, chequers_serial_rivers_room_a,
          chequers_big_river, serial_park_tiny_pond, uniq_crazy_yiuf_cottage
D:4:      minmay_goblin_kobold_castle, layout_basic,
          nicolae_overflow_hidden_temple, portal_sewer_entry_f
D:5:      layout_cave_pools, fedhas_bush_and_centaur_altar, serial_shops,
          shop_statue, kennysheep_mini_moat, shop, nicolae_shop_crystal,
          st_stairs_8, uniq_grinder, uniq_blork_the_orc
D:6:      nicolae_cairo_tiling_very_big, layout_gridville,
          minmay_temple_entry_mist, ebering_ghost_gozag
D:7:      kennysheep_slugbush, layout_loops_ring, chei_slow_surprise,
          mainiacjoe_overflow_six_doors_small, feat_on_display, uniq_joseph
D:8:      gammafunk_boulding_lane, layout_basic, enter_bailey_2,
          minmay_diamond_spiral, uniq_pikel, uniq_maurice
Temple:   compressed_dpeg_circular_temple
Bailey:   bailey_polearm_enchanted_keep_hellmonk, bailey

Skill      XL: |  1  2  3  4  5  6  7  8  9 10 |
---------------+-------------------------------+-----
Stealth        | 2 3 4 5 6 8 10 11 | 11.0
Dodging        | 3 4 6 7 9 |  9.6
Fighting       | 2 3 4 5 6 |  6.0
Ranged Weapons | 5 6 7 8 10 | 10.8

Action                   |  1- 3 |  4- 6 |  7- 9 | 10-12 || total
-------------------------+-------+-------+-------+-------++-------
 Fire: Shortbow          |   112 |   187 |   605 |   147 ||  1051
  Use: Potion            |       |     1 |       |       ||     1
       Scroll            |       |       |     8 |     1 ||     9
Armor: Robe              |     7 |     8 |    19 |     2 ||    36
Dodge: Dodged            |    56 |    56 |   259 |    74 ||   445

Table legend: (Time is in decaauts)
 A = Elapsed time spent in this place.
 B = Non-inter-level travel time spent in this place.
 C = Inter-level travel time spent in this place.
 D = Time resting spent in this place.
 E = Time spent auto-exploring this place.
 F = Levels seen in this place.
 G = Mean time per level.
                   A        B        C        D        E       F      G
               +--------+--------+--------+--------+--------+-----+--------+
         Total |   7391 |   7181 |    210 |    353 |   4902 |  11 |  671.9 |
       Dungeon |   7015 |   6805 |    210 |    353 |   4717 |   8 |  876.9 |
        Temple |     56 |     56 |      0 |      0 |     25 |   1 |   56.0 |
         Sewer |    154 |    154 |      0 |      0 |    111 |   1 |  154.0 |
        Bailey |    165 |    165 |      0 |      0 |     47 |   1 |  165.0 |
               +--------+--------+--------+--------+--------+-----+--------+

Top non-repeatable levels by time:
     D:7: 1441 daAuts
     D:6: 1384 daAuts
     D:4: 1238 daAuts
     D:3: 745 daAuts
     D:2: 670 daAuts
     D:5: 656 daAuts
     D:8: 521 daAuts
     D:1: 356 daAuts
  Bailey: 165 daAuts
   Sewer: 154 daAuts
  Temple: 56 daAuts
